AoeStats
← GORGORY

Arena

510393470Analyzed
1v1 RM · 2d ago on Sep 30, 2026· 41m 24s· 2 players
Game mode
Random Map
Map size
Tiny (2 player)
Population
200
Speed
Normal
Resources
Standard
Victory
Conquest
Starting age
Dark Age
Ending age
Imperial Age
RankedLock teamsTeams togetherTeam positionsShared explorationLock speedFull tech treeHidden civsTurbo modeCheats
Victory
Defeat
🇦🇷 Ethiopians · Argentina
976
+16
🇺🇸 Slavs · United States
966
-16
Joetrapper
5:51 Loom
11:21 Feudal Age
11:56 Double-Bit Axe
16:42 Castle Age
14:28 Horse Collar
17:58 Bow Saw
17:41 Gold Mining
18:19 Forging
18:15 Scale Barding Armor
21:24 Wheelbarrow
23:01 Town Watch
25:21 Squires
25:41 Hand Cart
26:18 Heavy Plow
26:20 Stone Mining
26:21 Light Cavalry
26:29 Pikeman
27:56 Bloodlines
28:14 Husbandry
29:32 Town Patrol
30:18 Iron Casting
29:45 Scale Mail Armor
30:58 Chain Barding Armor
34:16 Imperial Age
32:10 Ballistics
34:20 Onager
34:49 Halberdier
36:41 Two-Man Saw
36:25 Detinets
36:20 Siege Onager
36:47 Hussar
GORGORY
5:35 Loom
8:56 Feudal Age
9:22 Double-Bit Axe
9:18 Horse Collar
12:59 Wheelbarrow
17:19 Castle Age
15:55 Stone Mining
17:15 Gold Mining
19:40 Bow Saw
19:36 Town Watch
20:45 Fervor
21:31 Sanctity
23:33 Heavy Plow
25:01 Fletching
25:27 Scale Mail Armor
26:16 Squires
26:03 Arson
26:58 Forging
27:33 Murder Holes
28:40 Hand Cart
29:29 Ballistics
29:26 Chain Mail Armor
29:46 Iron Casting
32:54 Imperial Age
30:49 Fletching
30:27 Crossbowman
31:36 Padded Archer Armor
31:53 Thumb Ring
33:04 Iron Casting
32:25 Bodkin Arrow
32:52 Royal Heirs
33:28 Leather Archer Armor
34:06 Conscription
33:44 Capped Ram
35:48 Two-Man Saw
35:25 Gold Shaft Mining
35:28 Stone Shaft Mining
34:43 Arbalester
36:49 Elite Shotel Warrior
41:11 Siege Ram
Connection lost

Rejoining the realm…

Still unreachable

The connection could not be restored.

Session expired

The server has moved on; the page needs a fresh start.